 Dungeon Crawl Stone Soup version 0.32-a0-876-gcfddb08e57 (webtiles) character file.

Game seed: 5320568961460672078

1 shaded the Grasshopper (level 1, 15/16 HPs)
             Began as a Coglin Warper on Mar 31, 2024.
             Quit the game on level 1 of the Dungeon.
             The game lasted 00:04:29 (56 turns).

shaded the Grasshopper (Coglin Warper)                Turns: 56, Time: 00:04:30

Health: 15/16      AC:  3    Str: 11    XL:     1   Next: 20%
Magic:  3/3        EV: 10    Int: 12    God:
Gold:   0          SH:  0    Dex: 13    Spells: 3/3 levels left

rFire   . . .        a - +0 mace {Xolani}
rCold   . . .        e - +0 dagger {Cortez}
rNeg    . . .        b - +0 leather armour
rPois   .            (no helmet)
rElec   .            (no cloak)
rCorr   .            (no gloves)
SInv    .            (no boots)
Will    .....        (amulet unavailable)
Stlth   +            (ring unavailable)
HPRegen 0.22/turn    (ring unavailable)
MPRegen 0.08/turn    (no gizmo)

%: no passive effects
@: no status effects
A: off-hand wielding, slow wielding, warmup strikes, no jewellery
a: Invent Gizmo


You were on level 1 of the Dungeon.
You visited 1 branch of the dungeon, and saw 1 of its levels.

Inventory:

Hand Weapons
 a - a +0 mace (weapon) {Xolani}
 e - a +0 dagger (offhand) {Cortez}
Missiles
 d - 7 darts of dispersal (quivered)
Armour
 b - a +0 leather armour (worn)
Scrolls
 c - a scroll of blinking


   Skills:
 + Level 2.1 Fighting
 + Level 1.7 Maces & Flails
 + Level 0.8 Throwing
 + Level 0.8 Armour
 + Level 1.7 Dodging
 + Level 1.7 Spellcasting
 + Level 3.0 Translocations


You had 3 spell levels left.
You didn't know any spells.
Your spell library contained the following spells:

 Spells                   Type           Power      Damage    Failure   Level
 Blink                    Tloc           16%        N/A       16%         2
 Lesser Beckoning         Tloc           16%        N/A       16%         2
 Teleport Other           Tloc           8%         N/A       32%         3
 Maxwell's Portable Pile  Tloc           8%         2d(6-12)  71%         4
 Vhi's Electric Charge    Tloc/Air       8%         N/A       89%         4


Dungeon Overview and Level Annotations

Branches:
Dungeon (1/15)

Altars:


Innate Abilities, Weirdness & Mutations

You can wield a second weapon in your off-hand.
It takes a long time for you to wield or remove held weapons.
Your first few attacks do less damage.
You cannot equip rings or amulets.


Message History

Welcome, shaded the Coglin Warper.
It is said that the Orb of Zot exists deep within this dungeon.
Press ? for a list of commands and other information.
Found a staircase leading out of the dungeon.
Unknown command.
Unknown command.
Annotate which branch? (. - D:1, ? - help, ! - show branch list)
Okay, then.
Enter note: Char dumped successfully.
As you open the door, it creaks loudly!
There is an open door here.
A kobold comes into view. It is wielding a +0 club.
A kobold is nearby!
The kobold hits you but does no damage.
You barely miss the kobold with your +0 dagger.
You hit the kobold but do no damage. The kobold barely misses you.
You hit the kobold with your +0 dagger.
The kobold is moderately wounded.
You barely miss the kobold with your +0 mace.
The kobold hits you with a +0 club.
You barely miss the kobold with your +0 mace.
The kobold is moderately wounded.
You hit the kobold with your +0 dagger. The kobold completely misses you.
Unknown command.
You closely miss the kobold with your +0 dagger.
The kobold is heavily wounded.
You hit the kobold with your +0 mace.
You kill the kobold!
Things that are here:
a +0 club; a kobold corpse
Things that are here:
a +0 club; a kobold corpse
There is an open door here.
Unknown command.
Unknown command.
Unknown command.
Are you sure you want to abandon this character and quit the game? (Confirm with "yes".)

######
#.ß#.#######
#..........#
#...ß..ß..ß#
#<.@.......+
#...ß..ß..ß#
#..........#
#.ß#.#######
####'# #.#
#.# #.# #.#


There were no monsters in sight!

Vanquished Creatures
  A kobold (D:1)
1 creature vanquished.

Notes
Turn   | Place    | Note
-------+----------+-------------------------------------------
     0 | D:1      | shaded the Coglin Warper began the quest for the Orb.
     0 | D:1      | Reached XP level 1. HP: 16/16 MP: 3/3
    56 | D:1      | Quit the game

Illustrated notes

Levels and vault maps discovered:
D:1:      elethiomel_arrival_quiet, layout_rooms

Action                     || total
---------------------------++-------
  Melee: Mace              ||     4
         Dagger            ||     4
 Armour: Leather armour    ||     2
  Dodge: Dodged            ||     2

Table legend: (Time is in decaauts)
 A = Elapsed time spent in this place.
 B = Non-inter-level travel time spent in this place.
 C = Inter-level travel time spent in this place.
 D = Time resting spent in this place.
 E = Time spent auto-exploring this place.
 F = Levels seen in this place.
 G = Mean time per level.
                   A        B        C        D        E       F      G
               +--------+--------+--------+--------+--------+-----+--------+
         Total |     56 |     27 |     29 |      0 |      9 |   1 |   56.0 |
       Dungeon |     56 |     27 |     29 |      0 |      9 |   1 |   56.0 |
               +--------+--------+--------+--------+--------+-----+--------+

Top non-repeatable levels by time:
     D:1: 56 daAuts
